 Seeded DCSS version 0.25-a0-24-g72dcfe0 (webtiles) character file.

Game seed: 4756008578868161780, levelgen mode: deterministic

771 DrEnzyme the Cutter (level 8, -2/48 HPs)
             Began as a Kobold Gladiator on Oct 16, 2019.
             Was a Follower of Wu Jian.
             Slain by a sky beast (3 damage)
             ... on level 5 of the Dungeon.
             The game lasted 00:17:06 (4656 turns).

DrEnzyme the Cutter (Kobold Gladiator)              Turns: 4656, Time: 00:17:07

Health: -2/48      AC:  6    Str: 14    XL:     8   Next: 9%
Magic:  8/8        EV: 17    Int:  9    God:    Wu Jian [*.....]
Gold:   283        SH:  0    Dex: 16    Spells: 7/7 levels left

rFire    . . .     SeeInvis .   a - +0 short sword
rCold    . . .     Gourm    .   (shield restricted)
rNeg     . . .     Faith    .   h - +0 leather armour
rPois    .         Spirit   .   c - +1 helmet
rElec    .         Reflect  .   (no cloak)
rCorr    .         Harm     .   (no gloves)
MR       .....                  u - +0 pair of boots
Stlth    +++.......             (no amulet)
HPRegen  0.16/turn              (no ring)
MPRegen  0.11/turn              (no ring)

@: very slightly contaminated, invisible
A: small, carnivore
a: Renounce Religion


You were on level 5 of the Dungeon.
You worshipped Wu Jian.
Wu Jian was aware of your devotion.
You were completely stuffed.

You visited 1 branch of the dungeon, and saw 5 of its levels.

You collected 283 gold pieces.

Inventory:

Hand Weapons
 a - a +0 short sword (weapon)
 b - a +0 trident
 r - a +1 vampiric dagger
Missiles
 d - a throwing net
 m - 11 poisoned darts (quivered)
Armour
 c - a +1 helmet (worn)
 h - a +0 leather armour (worn)
 u - a +0 pair of boots (worn)
Jewellery
 x - a +2 amulet of reflection {unknown}
Wands
 t - a wand of digging (4)
 v - a wand of flame (20)
Scrolls
 i - a scroll of identify
 j - a scroll of magic mapping
 n - a scroll of remove curse
 w - a scroll of fog
Potions
 k - a potion of haste
 o - 3 potions of flight
 p - a potion of degeneration {unknown}
 s - a potion of curing {unknown}
 z - a potion of invisibility
Comestibles
 f - 9 rations


   Skills:
 * Level 3.9 Fighting
 * Level 6.7 Short Blades
 - Level 2.5 Polearms
 - Level 2.2 Throwing
 + Level 1.6 Armour
 + Level 4.9 Dodging
 * Level 6.0 Stealth


You had 7 spell levels left.
You didn't know any spells.
Your spell library was empty.

Dungeon Overview and Level Annotations

Branches:
Dungeon (5/15)             Temple (0/1) D:4

Altars:
Elyvilon
Fedhas
Vehumet
Wu Jian

Annotations:
D:1 exclusion: downstairs


Innate Abilities, Weirdness & Mutations

You are small and have problems with some larger weapons.
You are carnivorous and can eat meat at any time.


Message History

Something hits you but does no damage.
You hit something. The centaur skeleton barely misses you.
Something hits you but does no damage.
You barely miss something.
The centaur skeleton closely misses you.
Something barely misses you.
You miss something.
The centaur skeleton completely misses you.
You hit something.
The centaur skeleton completely misses you.
Something hits you.
* * * LOW HITPOINT WARNING * * *
Something shocks you.
* * * LOW HITPOINT WARNING * * *
Okay, then.
Okay, then.
It was a potion of magic.
Magic courses through your body.
The centaur skeleton closely misses you.
Something hits you.
You die...

#####*##### ** #...,,,...#
.#######.##*####.############
......†...# #...............#
.#######..# #.##.##########.#
,,.#####..###.##.# #.#
,#..........#.##Z# #.#
*#######..#<#.##@# #.#
*#######......##{# #.#
,...........####.#### #.#
**######.#..##......#######.#####
* #.........##..............
###..##.......############
#####..##.#####.# *#####
#.........# #(# *.....
#.###..##.# #.# *.####


You could see a centaur skeleton.

Vanquished Creatures
  2 sky beasts (D:5)
  An ogre (D:4)
  A howler monkey (D:5)
  3 hounds
  A gnoll shaman (D:4)
  2 orc wizards (D:5)
  2 worker ants
  11 gnolls
  4 adders
  A howler monkey skeleton (D:5)
  A worm (D:2)
  5 leopard geckos
  8 orcs
  8 bats
  4 giant cockroaches
  4 goblins
  8 hobgoblins
  7 jackals (D:2)
  12 kobolds
  A quokka (D:3)
  2 ball pythons
  6 frilled lizards
  2 leopard gecko skeletons
  10 rats
106 creatures vanquished.

Notes
Turn   | Place    | Note
-------+----------+-------------------------------------------
     0 | D:1      | DrEnzyme the Kobold Gladiator began the quest for the Orb.
     0 | D:1      | Reached XP level 1. HP: 12/12 MP: 1/1
    85 | D:1      | Reached XP level 2. HP: 16/17 MP: 2/2
   166 | D:1      | Reached skill level 1 in Short Blades
   247 | D:1      | Reached XP level 3. HP: 14/22 MP: 3/3
   800 | D:1      | Reached skill level 1 in Stealth
   800 | D:1      | Reached XP level 4. HP: 23/27 MP: 4/4
  1070 | D:2      | Found an ornate altar of the Wu Jian Council.
  1090 | D:2      | Became a worshipper of the Wu Jian Council
  1828 | D:2      | Found a blossoming altar of Fedhas.
  1893 | D:2      | Reached XP level 5. HP: 31/31 MP: 5/5
  2027 | D:3      | Reached * piety under Wu Jian
  2747 | D:4      | Found a radiant altar of Vehumet.
  2880 | D:4      | Reached XP level 6. HP: 35/37 MP: 6/6
  2950 | D:4      | Reached skill level 5 in Short Blades
  2952 | D:4      | Reached skill level 1 in Armour
  3000 | D:4      | Noticed an ogre
  3387 | D:5      | Entered Level 5 of the Dungeon
  3554 | D:4      | Killed an ogre
  3554 | D:4      | Reached XP level 7. HP: 41/41 MP: 7/7
  3786 | D:4      | Found a staircase to the Ecumenical Temple.
  4108 | D:5      | Reached skill level 5 in Stealth
  4345 | D:5      | Reached XP level 8. HP: 29/48 MP: 8/8
  4520 | D:5      | Found a white marble altar of Elyvilon.
  4655 | D:5      | HP: 1/48 [something (6)]
  4656 | D:5      | Slain by a sky beast

Levels and vault maps discovered:
D:1:      grunt_arrival_crossed_arrows, layout_rooms, st_stairs_9
D:2:      layout_loops_cross, lemuel_crystal_altar,
          nicolae_overflow_hidden_temple, first_ration, serial_bayou_pond_e,
          kennysheep_generic_room_12
D:3:      layout_rooms
D:4:      layout_loops_ring, minmay_temple_entry_overgrown,
          vehumet_altar_wand_db
D:5:      layout_loops_ring, kennysheep_mini, uniq_crazy_yiuf_cottage

Skill      XL: |  1  2  3  4  5  6  7  8 |
---------------+-------------------------+-----
Dodging        | 4 |  4.9
Short Blades   | 1 2 3 4 5 6 |  6.7
Stealth        | 1 2 4 5 6 |  6.0
Fighting       | 3 |  3.9
Armour         | 1 |  1.6
Polearms       | |  2.5
Throwing       | |  2.2

Action                   |  1- 3 |  4- 6 |  7- 9 || total
-------------------------+-------+-------+-------++-------
Melee: Trident           |    23 |       |       ||    23
       Short sword       |    89 |   268 |    79 ||   436
Throw: Throwing net      |     5 |       |       ||     5
       Dart              |       |     5 |    10 ||    15
Invok: Lunge             |       |    26 |     6 ||    32
       Whirlwind         |       |     9 |     1 ||    10
Evoke: Wand              |       |       |     4 ||     4
  Use: Scroll            |     3 |     4 |     6 ||    13
       Potion            |       |     4 |     3 ||     7
 Stab: Held in net/web   |     1 |       |       ||     1
       Sleeping          |       |    11 |     8 ||    19
       Invisible         |       |     6 |       ||     6
  Eat: Chunk             |     8 |     9 |     4 ||    21
Armor: Leather armour    |    23 |    24 |    13 ||    60
Dodge: Dodged            |    98 |   164 |    39 ||   301

Table legend:
 A = Non-vault XP
 B = Vault XP
 C = Vault XP percentage of total XP
 D = Non-vault monster count
 E = Vault monster count
 F = Vault count percentage of total count
                 A         B        C        D         E       F
            +---------+---------+-------+---------+---------+-------
      Total |    1096 |       6 |   0.5 |     101 |       5 |   4.7
            +---------+---------+-------+---------+---------+-------
        D:1 |      69 |       2 |   2.8 |      25 |       2 |   7.4
        D:2 |      72 |       2 |   2.7 |      28 |       2 |   6.7
        D:3 |     115 |       0 |   0.0 |      16 |       0 |   0.0
        D:4 |     286 |       2 |   0.7 |      14 |       1 |   6.7
        D:5 |     554 |       0 |   0.0 |      18 |       0 |   0.0
            +---------+---------+-------+---------+---------+-------
